 Dungeon Crawl Stone Soup version 0.31-a0-1626-g5cb510d322 (webtiles) character file.

Game seed: 4937356238079702592

598 Laraso the Magician (level 7, 15/50 HPs)
             Began as a Yellow Draconian Fire Elementalist on Jan 12, 2024.
             Was an Initiate of Sif Muna.
             Quit the game on level 4 of the Dungeon.
             The game lasted 00:05:58 (4139 turns).

Laraso the Magician (DrFE)                          Turns: 4139, Time: 00:05:58

Health: 15/50      AC: 10    Str: 11    XL:     7   Next: 17%
Magic:  9/17       EV: 12    Int: 17    God:    Sif Muna [......]
Gold:   129        SH:  0    Dex: 11    Spells: 17/20 levels left

rFire   . . .        g - +4 hammer "Paivour" {elec, +Blink Will+ rCorr Stlth+}
rCold   . . .        (no shield)
rNeg    . . .        (body armour unavailable)
rPois   .            (helmet restricted)
rElec   .            j - +2 cloak
rCorr   +            d - +0 pair of gloves
SInv    .            (no boots)
Will    +....        (no amulet)
Stlth   +++          (no ring)
HPRegen 0.28/turn    (no ring)
MPRegen 0.15/turn

%: no passive effects
@: no status effects
A: spit acid, AC +6, unfitting armour, cold-blooded, acid resistance
a: Breathe Acid, Renounce Religion, Evoke Blink


You were on level 4 of the Dungeon.
You worshipped Sif Muna.
Sif Muna was noncommittal.
You visited 2 branches of the dungeon, and saw 5 of its levels.

You collected 129 gold pieces.

Inventory:

Hand Weapons
 g - the +4 hammer "Paivour" (weapon) {elec, +Blink Will+ rCorr Stlth+}
   (You found it on level 2 of the Dungeon)

   Will+:     It increases your willpower.
   +Blink:    It lets you blink.
   rCorr:     It protects you from acid and corrosion.
   Stlth+:    It makes you more stealthy.
 i - a +3 quarterstaff of chaos
Armour
 d - a +0 pair of gloves (worn)
 j - a +2 cloak (worn)
 k - a +0 pair of boots
Jewellery
 l - an amulet of regeneration
 n - a +6 ring of strength
Scrolls
 b - a scroll of fog
 e - a scroll of teleportation
 h - a scroll of revelation
 m - a scroll of poison
 r - a scroll of vulnerability
Potions
 a - a potion of magic
 c - a potion of curing
 f - a potion of ambrosia
 o - 2 potions of cancellation
 p - a potion of degeneration {unknown}
 q - a potion of mutation {unknown}


   Skills:
 - Level 1.7 Dodging
 - Level 1.7 Stealth
 * Level 7.3 Spellcasting
 - Level 1.0 Conjurations
 - Level 3.0 Fire Magic


You had 17 spell levels left.
You knew the following spells:

 Your Spells              Type           Power      Damage    Failure   Level
a - Foxfire               Conj/Fire      52%        2x1d6     4%          1
b - Scorch                Fire           32%        2d6       4%          2

Your spell library contained the following spells:

 Spells                   Type           Power      Damage    Failure   Level
 Lesser Beckoning         Tloc           12%        N/A       17%         2
 Inner Flame              Hex/Fire       11%        N/A       19%         3
 Volatile Blastmotes      Fire/Tloc      22%        2d11      19%         3
 Gell's Gravitas          Tloc           6%         N/A       32%         3
 Teleport Other           Tloc           6%         N/A       32%         3
 Flame Wave               Conj/Fire      13%        2d6       43%         4


Dungeon Overview and Level Annotations

Branches:
Dungeon (4/15)             Temple (1/1) D:4

Altars:
Cheibriados
Dithmenos
Elyvilon
Fedhas
Gozag
Kikubaaqudgha
Nemelex Xobeh
Okawaru
Qazlal
Ru
Sif Muna
Vehumet
Wu Jian
Xom
Zin
The Shining One


Innate Abilities, Weirdness & Mutations

You can spit globs of acid.
Your golden yellow scales are hard. (AC +6)
You cannot fit into any form of body armour.
You are cold-blooded and may be slowed by cold attacks.
You are resistant to acid. (rCorr)


Message History

The kobold hits you but does no damage.
You closely miss the kobold.
You tail-slap the kobold, but do no damage.
Your punch misses the kobold.
Menkaure, Prince of Dust comes into view.
The kobold closely misses you.
You hit the kobold. Lightning courses through the kobold!
You kill the kobold!
Sif Muna accepts your kill.
Menkaure mumbles some strange words.
Menkaure seems to speed up.
Menkaure calls on the powers of darkness!
Your body is wracked with pain!
Things that are here:
a +0 whip; 2 stones You are too injured to fight recklessly!
Casting: Scorch (safe; 5% risk of failure)
Confirm with . or Enter, or press ? or * to list all spells.
Flames lash Menkaure.
Menkaure is burned terribly!
Menkaure is lightly damaged.
Menkaure's fire resistance burns away.
Menkaure calls on the powers of darkness!
Your body is wracked with pain!
* * * LOW HITPOINT WARNING * * *
Casting: Scorch (safe; 5% risk of failure)
Confirm with . or Enter, or press ? or * to list all spells.
Flames lash Menkaure.
Menkaure is burned terribly!
Menkaure is severely damaged.
You are too injured to fight recklessly!
Casting: Scorch (safe; 5% risk of failure)
Confirm with . or Enter, or press ? or * to list all spells.
Flames lash Menkaure.
Menkaure is burned terribly!
You destroy Menkaure!
Sif Muna accepts your kill.
Your Spellcasting skill increases to level 7!
You have reached level 7!
Your scales start taking on a golden yellow colour.
You can spit globs of acid.
You feel resistant to acid.
Are you sure you want to abandon this character and quit the game? (Confirm with "yes".)

#######.. .#
........# ..
######... #. #. ##..
.#.###.### #.#
..........# #.#
..........# #.# #
.#.........#####.#
#..
#.##........)..@...#
#.#
##.[............#####
#.# ##.#..........#.#
#.# ................#
#.# ................#
#.# .###............#
#.# ................#
#.> .###...#.......##
### .# ####)#......#


There were no monsters in sight!

Vanquished Creatures
  Menkaure (D:4)
  A black bear (D:4)
  A scorpion (D:4)
  Crazy Yiuf (D:2)
  2 orc priests
  Jessica (D:2)
  An iguana (D:4)
  6 adders
  3 gnolls (D:4)
  3 ribbon worms
  12 orcs
  10 ball pythons
  4 bats
  4 endoplasms
  6 giant cockroaches
  9 goblins
  10 hobgoblins
  3 jackals (D:1)
  3 quokkas
  8 frilled lizards
  6 kobolds
  2 rats (D:1)
97 creatures vanquished.

Vanquished Creatures (others)
  83 foxfires
83 creatures vanquished.

Grand Total: 180 creatures vanquished

Notes
Turn   | Place    | Note
-------+----------+-------------------------------------------
     0 | D:1      | Laraso the Draconian Fire Elementalist began the quest for
                  | the Orb.
     0 | D:1      | Reached XP level 1. HP: 14/14 MP: 3/3
   193 | D:1      | Reached XP level 2. HP: 20/20 MP: 3/5
   351 | D:1      | Reached skill level 3 in Spellcasting
   393 | D:1      | Learned a level 2 spell: Scorch
   624 | D:1      | Reached XP level 3. HP: 26/26 MP: 1/7
  1262 | D:2      | Noticed Jessica
  1267 | D:2      | Killed Jessica
  1268 | D:2      | Reached skill level 4 in Spellcasting
  1268 | D:2      | Reached XP level 4. HP: 33/33 MP: 7/10
  2023 | D:2      | Reached XP level 5. HP: 18/38 MP: 0/12
  2119 | D:2      | Found a runed translucent door.
  2120 | D:2      | Noticed Crazy Yiuf
  2153 | D:2      | Reached skill level 5 in Spellcasting
  2561 | D:2      | Killed Crazy Yiuf
  2573 | D:2      | Identified the +4 hammer "Paivour" {elec, +Blink Will+
                  | rCorr Stlth+}
  3216 | D:3      | Found a sacrificial altar of Ru.
  3449 | D:4      | Found an iron altar of Okawaru.
  3452 | D:4      | Noticed a black bear
  3459 | D:4      | Killed a black bear
  3460 | D:4      | Reached skill level 6 in Spellcasting
  3460 | D:4      | Reached XP level 6. HP: 42/45 MP: 4/15
  3737 | D:4      | Found a staircase to the Ecumenical Temple.
  3786 | Temple   | Entered the Ecumenical Temple
  3796 | Temple   | Became a worshipper of Sif Muna the Loreminder
  4133 | D:4      | Noticed Menkaure
  4138 | D:4      | Killed Menkaure
  4139 | D:4      | Reached skill level 7 in Spellcasting
  4139 | D:4      | Your scales start taking on a golden yellow colour.
  4139 | D:4      | Reached XP level 7. HP: 15/50 MP: 9/17
  4139 | D:4      | Gained mutation: You are resistant to acid. (rCorr) [Yellow
                  | Draconian growth]
  4139 | D:4      | Quit the game

Illustrated notes

Levels and vault maps discovered:
D:1:      eino_arrival_water_cross, layout_rooms, dreamdust_princess_bridge,
          hangedman_decor_diamond_cutter, minmay_crystal_water
D:2:      layout_basic, uniq_jessica, uniq_crazy_yiuf_cottage
D:3:      layout_basic, mainiacjoe_overflow_surrounded_room
D:4:      layout_loops_ring, kennysheep_little_box, okawaru_metal_pillars_1_2,
          minmay_temple_entry_wispy, serial_shops, shop, uniq_menkaure
Temple:   nicolae_temple_great_sept

Skill      XL: |  1  2  3  4  5  6 |
---------------+-------------------+-----
Spellcasting   | 3 4 6 7 |  7.3
Dodging        | |  1.7
Stealth        | |  1.7
Conjurations   | |  1.0
Fire Magic     | |  3.0

Action                     |  1- 3 |  4- 6 |  7- 9 || total
---------------------------+-------+-------+-------++-------
  Melee: Unarmed           |     8 |       |       ||     8
         Dagger            |    34 |    21 |       ||    55
         Tailslap          |     3 |     6 |       ||     9
         Punch             |       |     2 |       ||     2
         Mace              |       |    31 |       ||    31
   Cast: Foxfire           |    22 |    25 |       ||    47
         Scorch            |    22 |    61 |       ||    83
    Use: Scroll            |     4 |     4 |       ||     8
 Armour: Skin              |    22 |    43 |       ||    65
  Dodge: Dodged            |    45 |    46 |       ||    91

Table legend: (Time is in decaauts)
 A = Elapsed time spent in this place.
 B = Non-inter-level travel time spent in this place.
 C = Inter-level travel time spent in this place.
 D = Time resting spent in this place.
 E = Time spent auto-exploring this place.
 F = Levels seen in this place.
 G = Mean time per level.
                   A        B        C        D        E       F      G
               +--------+--------+--------+--------+--------+-----+--------+
         Total |   4151 |   3976 |    175 |    240 |   2958 |   5 |  830.2 |
       Dungeon |   4130 |   3974 |    156 |    240 |   2958 |   4 | 1032.5 |
        Temple |     20 |      1 |     19 |      0 |      0 |   1 |   20.0 |
               +--------+--------+--------+--------+--------+-----+--------+

Top non-repeatable levels by time:
     D:2: 1654 daAuts
     D:1: 979 daAuts
     D:3: 813 daAuts
     D:4: 682 daAuts
  Temple: 20 daAuts
